 Dungeon Sprint DCSS version 0.28.0-43-g3370ac3207 (webtiles) character file.

Game seed: 17186888968553145605

116 cbfl8 the Cleaver (level 4, -1/48 HPs)
             Began as a Minotaur Berserker on Mar 1, 2022.
             Was a Priest of Trog.
             Slain by a fire elemental (13 damage)
             ... summoned by a deep elf pyromancer
             ... in the Dungeon (Sprint III: "The Ten Rune Challenge").
             The game lasted 00:01:11 (1050 turns).

cbfl8 the Cleaver (Minotaur Berserker)              Turns: 1050, Time: 00:01:12

Health: -1/48      AC:  2    Str: 24    XL:     4   Next: 70%
Magic:  3/3        EV: 12    Int:  4    God:    Trog [***...]
Gold:   43         SH:  0    Dex:  9    Spells: 3/3 levels left

rFire   . . .      SeeInvis .   a - +0 hand axe
rCold   . . .      Faith    .   (no shield)
rNeg    . . .      Spirit   .   b - +0 animal skin
rPois   .          Reflect  .   (helmet restricted)
rElec   .          Harm     .   (no cloak)
rCorr   .          Rampage  .   (no gloves)
Will    ++...      NoTele   +   (no boots)
Stlth   +.........              (no amulet)
HPRegen 1.16/turn               (no ring)
MPRegen 0.08/turn               (no ring)

@: strong-willed, regenerating
A: horns 2, retaliatory headbutt
a: Renounce Religion, Berserk, Trog's Hand


You were in the Dungeon.
You worshipped Trog.
Trog was most pleased with you.
You visited 1 branch You collected 43 gold pieces.

Inventory:

Hand Weapons
 a - a +0 hand axe (weapon)
Armour
 b - a +0 animal skin (worn)
Scrolls
 h - a scroll of blinking
 i - a scroll of fear {unknown}
 j - a scroll of holy word {unknown}
 k - a scroll of magic mapping {unknown}
 m - a scroll of immolation {unknown}
 n - a scroll of identify {unknown}
Potions
 c - a potion of curing
 d - a potion of heal wounds
 e - 2 potions of haste
 f - 2 potions of magic
 g - a potion of berserk rage
 l - a potion of flight {unknown}
 o - a potion of brilliance {unknown}
 p - 5 potions of mutation


   Skills:
 + Level 7.7 Fighting
 + Level 8.2 Axes
 + Level 4.1 Armour
 + Level 4.0 Dodging


You had 3 spell levels left.
You didn't know any spells.
Your spell library was empty.

Dungeon Overview and Level Annotations

Branches:
Dungeon (1/1)

Altars:
Elyvilon
Zin
The Shining One


Innate Abilities, Weirdness & Mutations

You have a pair of horns on your head.
You reflexively headbutt those who attack you in melee.


Message History

You are exhausted.
You feel yourself slow down.
You start resting.
You feel yourself speed up.
You start resting.
You recover from your berserk rage.
You start resting.
You start resting.
You start resting.
You start resting.
HP restored.
You start waiting.
Done waiting.
You open the door.
There is an open door to the Ecumenical Temple here.
You open the door.
Found three altars.
A deep elf pyromancer comes into view.
It is wielding a +3 long sword of holy wrath.
Found a potion of curing.
The deep elf pyromancer shouts!
There is an open door here.
The deep elf pyromancer points at you and mumbles some strange words.
The bolt of fire hits you!!
Ouch! That really hurt!
The deep elf pyromancer mumbles some strange words.
There is a glowing silver altar of Zin here.
The deep elf pyromancer barely misses you.
You furiously retaliate!
You headbutt the deep elf pyromancer! The fire elemental hits you.
The fire elemental burns you!
* * * LOW HITPOINT WARNING * * *
There is a glowing golden altar of the Shining One here.
The deep elf pyromancer mumbles some strange words.
The deep elf pyromancer blinks!
There is a white marble altar of Elyvilon here.
Your skin crawls.
You feel strong-willed. The fire elemental hits you.
* * * LOW HITPOINT WARNING * * *
The fire elemental burns you!
You die...

▓▓▓▓▓▓▓▓▓▓ ▓▓▓ #..'...♣.♣♣
♣.##### #..#....♣.♣
♣♣.#@E_# ####....♣♣♣
♣..#!§☼# †..#....≈♣
♣..###'#+###+##
...#...≈≈♣♣♣♣♣.#..........#
...#..≈≈≈≈♣♣...'.⌠...e....#
##'#..≈≈≈≈≈≈♣..#...######+#
..)#.≈≈≈≈≈≈....#.⌠.#
...#.≈≈≈≈≈.....#...#
...#.≈≈≈.......#+###


You could see a deep elf pyromancer and a fire elemental (summoned).

Vanquished Creatures
  A water elemental (D)
  Jessica (D)
  A human (D)
  A wolf (D)
  An endoplasm (D)
  2 rats (D)
7 creatures vanquished.

Notes
Turn   | Place    | Note
-------+----------+-------------------------------------------
     0 | D        | cbfl8 the Minotaur Berserker began the quest for the Orb.
     0 | D        | Reached XP level 1. HP: 19/19 MP: 0/0
     5 | D        | Reached skill level 4 in Axes
    12 | D        | Noticed Jessica
    14 | D        | Killed Jessica
    14 | D        | Reached ** piety under Trog
    15 | D        | Reached skill level 5 in Fighting
    15 | D        | Reached skill level 5 in Axes
    15 | D        | Reached XP level 2. HP: 30/30 MP: 1/1
    15 | D        | Reached XP level 3. HP: 37/37 MP: 2/2
    58 | D        | Reached skill level 6 in Axes
   387 | D        | Reached *** piety under Trog
   707 | D        | Noticed a water elemental
   715 | D        | Killed a water elemental
   716 | D        | Reached skill level 8 in Axes
   716 | D        | Reached XP level 4. HP: 21/48 MP: 3/3
  1044 | D        | Found a glowing silver altar of Zin.
  1044 | D        | Found a glowing golden altar of the Shining One.
  1044 | D        | Found a white marble altar of Elyvilon.
  1045 | D        | Noticed a deep elf pyromancer
  1048 | D        | Noticed a fire elemental
  1050 | D        | Slain by a fire elemental

Illustrated notes

Levels and vault maps discovered:
D:        dungeon_sprint_mu [sprint_mu_entry_forest, sprint_mu_temple_rooms,
          sprint_mu_d1_horrors, sprint_mu_d2_genie, sprint_mu_d3_branching,
          sprint_mu_orc_legion, sprint_mu_elf_gauntlet, sprint_mu_hive_nellie,
          sprint_mu_lair_fedhas, sprint_mu_vaults_butterflies,
          sprint_mu_slime_circle, sprint_mu_swamp_cave, sprint_mu_snake_twists,
          sprint_mu_blade_basic, sprint_mu_crypt_fortress,
          sprint_mu_tomb_spiral, sprint_mu_vestibule_basic,
          sprint_mu_gehenna_hellfire, sprint_mu_dis_giant,
          sprint_mu_tartarus_statrot, sprint_mu_cocytus_islands, sprint_mu_zot1]

Skill      XL: |  1  2  3 |
---------------+----------+-----
Fighting       | 5 7 |  7.7
Axes           | 5 8 |  8.2
Armour         | 3 4 |  4.1
Dodging        | 3 4 |  4.0

Action                   |  1- 3 |  4- 6 || total
-------------------------+-------+-------++-------
Melee: Hand axe          |    29 |       ||    29
       Headbutt          |     7 |       ||     7
       Punch             |     1 |       ||     1
Invok: Berserk           |     1 |       ||     1
       Trog's Hand       |       |     1 ||     1
Armor: Animal skin       |     4 |     1 ||     5
Dodge: Dodged            |    19 |     1 ||    20
